 Dungeon Crawl Stone Soup version 0.20-a0-1116-gaa52201 (webtiles) character file.

92 dvd the Gusty (level 4, -3/24 HPs)
             Began as a Tengu Air Elementalist on May 7, 2017.
             Slain by Sigmund
             ... wielding a +0 scythe
              (10 damage)
             ... on level 2 of the Dungeon.
             The game lasted 00:05:23 (1571 turns).

dvd the Gusty (Tengu Air Elementalist)              Turns: 1571, Time: 00:05:24

Health: -3/24      AC:  2    Str: 13    XL:     4   Next: 60%
Magic:  3/8        EV: 13    Int: 22    God:
Gold:   95         SH:  0    Dex: 14    Spells: 0/8 levels left

rFire    . . .     SeeInvis .   p - +0 dagger (venom)
rCold    . . .     Gourm    .   (no shield)
rNeg     . . .     Faith    .   a - +0 robe
rPois    .         Spirit   .   (helmet restricted)
rElec    .         Reflect  .   (no cloak)
rCorr    .         Harm     .   (no gloves)
MR       .....                  (boots unavailable)
Stlth    ++........             (no amulet)
Regen    0.1/turn               (no ring)
MPRegen  0.2/turn               (no ring)

@: mighty, brilliant, hasted, very quick
A: beak, talons 3
a: no special abilities


You were on level 2 of the Dungeon.
You were not hungry.

You visited 1 branch of the dungeon, and saw 2 of its levels.

You collected 95 gold pieces.

Inventory:

Hand Weapons
 e - a cursed -3 dagger
 g - a +0 mace
 h - a +0 hand axe
 p - a +0 dagger of venom (weapon)
Armour
 a - a +0 robe (worn)
Scrolls
 d - 3 scrolls of identify {unknown}
 i - a scroll of fog {unknown}
 l - a scroll of teleportation {unknown}
 m - 3 scrolls of remove curse {unknown}
 n - a scroll of immolation {unknown}
Books
 b - a book of Air

   Spells                             Type                      Level
   a - Shock                          Conjuration/Air              1
   b - Swiftness                      Charms/Air                   2
   c - Static Discharge               Conjuration/Air              3
   d - Airstrike                      Air                          4
   e - Lightning Bolt                 Conjuration/Air              5
Comestibles
 c - a bread ration
 o - 4 chunks of flesh


   Skills:
 + Level 2.7 Dodging
 + Level 2.2 Stealth
 + Level 2.5 Spellcasting
 + Level 2.6 Conjurations
 + Level 5.4 Air Magic


You couldn't memorise any spells.
You knew the following spells:

 Your Spells              Type           Power        Failure   Level  Hunger
a - Shock                 Conj/Air       ####         1%          1    None
b - Static Discharge      Conj/Air       ####....     1%          3    ###....
c - Airstrike             Air            #####.....   1%          4    ####...


Dungeon Overview and Level Annotations

Branches:
Dungeon (2/15)

Altars:

Annotations:
D:2 Sigmund


Innate Abilities, Weirdness & Mutations

You have a beak for a mouth.
You have claws for feet.


Message History

You resist with some effort. Sigmund gestures at you while chanting.
You are confused.
It was a potion of might.
You feel very mighty all of a sudden.
It was a potion of brilliance.
You feel clever all of a sudden.
It was a potion of haste.
You feel yourself speed up.
Unknown command.
You're too confused to move!
Sigmund hits you from afar with a scythe!
Ouch! That really hurt!
* * * LOW HITPOINT WARNING * * *
You bump into the rock wall.
You bump into the rock wall.
You bump into the rock wall.
You feel less confused.
Sigmund laughs darkly.
Sigmund hits you from afar with a scythe!
You die...

# #........##.... #.####### #
#........# ... #........ #
#........# #........ # #####.##.#
##....... # #(# .#
##########....... ##########.# ..
.........#.######
...........#############.#.#.....
................########.........
########........@.@..............
#.######.########.#.#..... #.#
#.# #.#.#.#### #.# #.# #.#@#.####
#.# #.# #.#.#..... #.# #.#
#####.#.#### #.# #.# #...........
#.# #.# #.###.#####. #...#


You could see Sigmund.

Vanquished Creatures
  4 gnolls (D:2)
  An adder (D:2)
  3 dart slugs
  2 leopard geckos
  4 bats (D:2)
  3 giant cockroaches
  3 goblins (D:2)
  5 hobgoblins
  A jackal (D:1)
  A ball python (D:2)
  2 frilled lizards
  8 kobolds
  2 rats
39 creatures vanquished.

Notes
Turn   | Place    | Note
-------+----------+-------------------------------------------
     0 | D:1      | dvd the Tengu Air Elementalist began the quest for the Orb.
     0 | D:1      | Reached XP level 1. HP: 10/10 MP: 4/4
   247 | D:1      | Reached XP level 2. HP: 15/15 MP: 0/6
   743 | D:2      | Reached XP level 3. HP: 19/19 MP: 0/7
   930 | D:2      | Reached skill level 5 in Air Magic
  1036 | D:2      | Learned a level 3 spell: Static Discharge
  1239 | D:2      | Reached XP level 4. HP: 24/24 MP: 4/8
  1420 | D:2      | Learned a level 4 spell: Airstrike
  1538 | D:2      | Noticed Sigmund
  1571 | D:2      | Slain by Sigmund

Vault maps used:
D:1:      onia_arrival_pyramid
D:2:      uniq_sigmund

Skill      XL: |  1  2  3 |
---------------+----------+-----
Conjurations   | 2 |  2.6
Air Magic      | 5 |  5.4
Dodging        | |  2.7
Stealth        | |  2.2
Spellcasting   | |  2.5

Action                   |  1- 3 |  4- 6 || total
-------------------------+-------+-------++-------
Melee: Mace              |     1 |       ||     1
       Dagger            |     2 |     4 ||     6
       Kick              |       |     1 ||     1
 Cast: Shock             |    62 |    22 ||    84
       Airstrike         |       |     1 ||     1
  Use: Potion            |       |     3 ||     3
  Eat: Chunk             |     2 |     1 ||     3
Armor: Robe              |     1 |     2 ||     3
Dodge: Dodged            |     5 |     6 ||    11
